[Event "*** Titled Tuesday Blitz"]
[Site "Chess.com"]
[Date "2019.03.05"]
[Round "2"]
[White "x-6099009240"]
[Black "pedro_gines"]
[Result "1-0"]
[WhiteElo "2278"]
[BlackElo "2416"]
[TimeControl "180+2"]
[EndTime "13:30:43 PST"]
[Termination "x-6099009240 won on time"]

1. e4 c6 2. d4 d5 3. exd5 cxd5 4.
Bf4 Nc6 5. c3 Nf6 6. Bd3 Bg4 7.
Qb3 Qd7 8. Nd2 e6 9. Ngf3 Bd6 10. Bxd6 Qxd6 11. O-O O-O 12. Rfe1 a6 13. Ne5 Qc7 14. Nxc6 bxc6 15. Qa3 Nd7 16. Nb3 Rab8 17. h3 Bh5 18. Rab1 Bg6 19. Bxg6 hxg6 20. Qa5 Qxa5 21. Nxa5 c5 22.
dxc5 Nxc5 23. b4 Ne4 24. Rec1 Rfc8 25. Rb3 Nd2 26. Rb2 Nc4 27. Nxc4 Rxc4 28. Rd2 Rbxb4 29. Kf1 Rb5 30. Ke2 Kf8 31. Kd3 Ke7 32. g3 g5 33.
Re1 Rbc5 34. Rc2 d4 35. Re4 Rxc3+ 36. Rxc3 dxc3 37. Kc2 a5 38. Rd4 e5 39. Rd3 e4 40.
Rd4 f5 41. g4 g6 42. a3 Ke6 43. gxf5+ gxf5 44. Rd8 Ke5 45. a4 Kf4 46. Rb8 Kf3 47. Rb5 Rc4 48. Rxf5+ Ke2 49. Rxa5 Kxf2 50. Rxg5 e3 51.
Rf5+ Kg3 52. Re5 Kf3 53. a5 e2 54. a6 Re4 55. Rxe4 Kxe4 56. a7 e1=Q 57. a8=Q+ Kd4 58. Qh8+ Kc4 59. Qc8+ Kd4 60. Qd7+ Kc5 61. Qc7+ Kd4 62. Qb6+ Kc4 63. Qc6+ Kd4 64. Qd6+ Kc4 65. Qd3+ Kb4 66. Qd4+ Kb5 67. Qxc3 Qe2+ 68. Kc1 Qf1+ 69. Kd2 Qg2+ 70. Kd1 Qf1+ 71. Kc2 Qg2+ 72. Kb3 Qd5+ 73. Kb2 Qg2+ 74.
Kc1 Qh1+ 75. Kb2 Qh2+ 76. Kb3 Kb6 77. Qd4+ Kc6 78. h4 Qh3+ 79. Kc4 Qe6+ 80. Kd3 Qh3+ 81. Kd2 Qh2+ 82. Kc3 Qh3+ 83. Kb4 Kb7 84. Qd5+ Kb6 85. h5 Qh4+ 86. Kc3 Qg3+ 87. Kd4 Qg1+ 88. Ke5 Qg5+ 89. Ke6 Qg8+ 90. Kd6 Qd8+ 91. Ke5 Qg5+ 92. Kd4 Qd2+ 93. Ke4 Qg2+ 94. Kd4 Qg1+ 95. Kc4 Qf1+ 96. Qd3 Qf7+ 97. Qd5 Qf1+ 98. Kc3 Qe1+ 99. Qd2 Qg3+ 100.
Qd3 Qh2 101. Qg6+ Kc5 102. Qf5+ Kc6 103. Qe6+ Kc5 104. Qe3+ Kd5 105. h6 Qc7+ 106. Kd2 Qh2+ 107. Kd3 Kc6 108. Qe4+ Kb6 109. h7 Ka6 110. Qc4+ Ka5 111. Qc3+ Ka4 112. h8=Q Qg3+ 113. Kc4 Qc7+ 114. Kd4 Qf4+ 115. Kd3 Qf1+ 116. Ke4 Qe2+ 117. Kf5 Qf2+ 118. Ke6 Qe2+ 119. Qce5 Qg4+ 120. Kd6 Qg6+ 121. Qhf6 Qh7 122. Qd4+ Ka5 123. Qfe5+ Ka6 124.
Qc4+ Ka7 125. Qe7+ Kb8 126. Qxh7 1-0

[Event "*** Titled Tuesday Blitz"]
[Site "Chess.com"]
[Date "2019.03.05"]
[Round "2"]
[White "FearNoEvil12"]
[Black "lolo9292"]
[Result "1/2-1/2"]
[WhiteElo "1942"]
[BlackElo "2063"]
[TimeControl "180+2"]
[EndTime "13:30:58 PST"]
[Termination "Game drawn by 50-move rule"]

1. e4 c5 2. Nc3 a6 3. a4 d6 4. f4 Nc6 5. Bc4 g6 6. Nf3 Bg7 7. f5 gxf5 8. d3 fxe4 9. dxe4 e6 10. O-O Nge7 11. Bg5 h6 12. Bh4 Qc7 13. Qe1 Ng6 14. Bg3 Nce5 15. Nxe5 Bxe5 16. Rd1 Bd7 17. Qf2 Bc6 18.
Bxe5 Nxe5 19. Qf6 Rg8 20. Bxe6 Qe7 21. Qxe7+ Kxe7 22. Ba2 Rg4 23. Nd5+ Bxd5 24. Bxd5 Rag8 25. g3 h5 26. Kf2 h4 27. Rg1 R8g6 28. Rdf1 b5 29.
axb5 axb5 30. b3 b4 31. gxh4 Rf6+ 32. Ke2 Rxh4 33. Rxf6 Kxf6 34. Rf1+ Ke7 35. Rf2 f6 36. Rg2 Rh7 37. Kf1 Nf3 38. Kf2 Nd4 39. Ke3 Rh3+ 40. Kf4 Rh4+ 41. Kg3 Rh7 42. Kf4 Rh4+ 43. Kg3 Rh7 44.
Kf4 Ne6+ 45. Bxe6 Kxe6 46. Rd2 Rh4+ 47. Kf3 Rh8 48. Kf4 Rh3 49. Rg2 Rh4+ 50. Kf3 Ke5 51. Kg3 Rxe4 52. h4 Kf5 53. Rd2 Re6 54. Rf2+ Kg6 55. Kg4 Re4+ 56. Kg3 f5 57. Rd2 Re6 58. Kf4 Re4+ 59. Kg3 Re6 60. Kf4 Rf6 61. Rg2+ Kh5 62.
Rg5+ Kxh4 63. Rxf5 Re6 64. Rf8 Kh3 65. Kf3 Kh4 66. Kf4 Kh5 67. Kf5 Re5+ 68. Kf4 Rd5 69. Rf6 Rd4+ 70. Kf5 Kh4 71. Rg6 Rd2 72. Ke4 Rxc2 73.
Rxd6 Rc3 74. Rd5 Kg4 75. Re5 Kg3 76. Kd5 Kf3 77. Re7 Kf4 78. Re8 Kf3 79. Re7 Kf2 80.
Re8 Rxb3 81. Kxc5 Rb1 82. Kc4 b3 83. Kc3 Kf3 84. Re7 Kf4 85. Re8 Kf5 86. Re7 Kf6 87.
Re2 Kf5 88. Rb2 Rc1+ 89. Kxb3 Rc8 90. Rc2 Rb8+ 91. Kc3 Ra8 92. Kd2 Rd8+ 93. Ke2 Re8+ 94. Kd2 Rd8+ 95. Ke2 Re8+ 96. Kd2 Rh8 97. Rc5+ Ke4 98.
Kc3 Rh1 99. Ra5 Rc1+ 100. Kd2 Rg1 101. Ra4+ Kd5 102. Ke3 Rg3+ 103. Kf4 Rg7 104. Ra8 Rf7+ 105. Ke3 Ke5 106. Ra5+ Kd6 107. Ke4 Rh7 108. Ra6+ Kc5 109. Ra5+ Kb4 110. Rg5 Re7+ 111. Kd5 Rd7+ 112. Kc6 Ra7 113. Rg4+ Kc3 114. Kd5 Ra5+ 115. Ke6 Ra6+ 116. Kf5 Ra5+ 117. Kg6 Ra6+ 118. Kh5 Ra5+ 119. Rg5 Ra8 120. Rg3+ Kd4 121. Kg4 Ke5 122. Re3+ Kd4 123. Re7 Rg8+ 124. Kf5 Rf8+ 125. Ke6 Rf1 126. Kd6 Rf6+ 127. Re6 Rf7 128. Rh6 Ra7 129. Rh4+ Ke3 130. Kc5 Ra5+ 131. Kb6 Rg5 132. Rh3+ Kd4 133. Rh4+ Kd5 134. Kb5 Rg8 135. Kb4 Rb8+ 136. Kc3 Ra8 137. Kd2 Ra2+ 138. Kc3 Ke5 139. Kd3 Ra3+ 140. Ke2 Rb3 141. Rh5+ Ke4 142. Rh4+ Kf5 1/2-1/2

[Event "*** Titled Tuesday Blitz"]
[Site "Chess.com"]
[Date "2019.03.05"]
[Round "2"]
[White "Zarikovs1999"]
[Black "chessmaxusa"]
[Result "1/2-1/2"]
[WhiteElo "2300"]
[BlackElo "2511"]
[TimeControl "180+2"]
[EndTime "13:33:06 PST"]
[Termination "Game drawn by 50-move rule"]

1. Nf3 c6 2. b3 d5 3. Bb2 Nf6 4. e3 Bf5 5. c4 e6 6. Nc3 Nbd7 7.
d4 h6 8. Bd3 Bxd3 9. Qxd3 Be7 10. O-O O-O 11. e4 dxe4 12. Nxe4 Nxe4 13. Qxe4 Nf6 14.
Qe2 a5 15. a3 Qb6 16. Qc2 Rfd8 17. Rad1 Nd7 18. Rfe1 Bf6 19. d5 Bxb2 20. Qxb2 Nc5 21.
dxe6 Nxe6 22. b4 axb4 23. axb4 Qa6 24. Qc2 Rxd1 25. Rxd1 Qa4 26. Qxa4 Rxa4 27. Rb1 Ra2 28. g3 Rc2 29. b5 c5 30. Rd1 Rxc4 31. Rd7 Rc1+ 32.
Kg2 c4 33. Rxb7 c3 34. Rb8+ Kh7 35. Rc8 Rb1 36. Rxc3 Rxb5 37. Re3 Rb2 38. Ne5 Kg8 39. Rc3 f6 40. Rc8+ Kh7 41. Nd7 h5 42. Nf8+ Nxf8 43.
Rxf8 Kg6 44. h4 Kf5 45. Re8 Rb5 46. Rh8 Kg6 47. Rd8 Ra5 48. Rd4 Ra2 49. Rf4 Rc2 50.
Rf3 Rc5 51. Rf4 Rc3 52. Re4 Kh6 53. Re8 Kg6 54. Re4 Kf5 55. Rf4+ Ke6 56. Ra4 Kf7 57. Ra5 Kg6 58. Ra4 Rc5 59. Rf4 Re5 60. Kf3 Kf7 61. Kg2 Ke6 62. Ra4 Kf5 63. Rf4+ Kg6 64. Ra4 Rf5 65.
Re4 Kh6 66. Re8 Ra5 67. Re4 g5 68. hxg5+ Kxg5 69. Rh4 Ra2 70. Rb4 Rc2 71. Rb8 Rc7 72. Rg8+ Kf5 73. Rh8 Kg6 74. Rd8 Kh6 75. Rd6 Kg5 76. Rd4 Rc2 77. Rf4 Ra2 78. Rh4 Ra5 79. Kh3 Rf5 80. Kg2 Rd5 81. Ra4 Rd2 82. Ra5+ Kg6 83.
Ra4 Rd5 84. Rf4 Rg5 85. Rh4 Rf5 86. Rd4 Re5 87. Rh4 Kh6 88. Rf4 Kg6 89. Kf3 Re1 90. Kg2 Re2 91. Kf3 Ra2 92. Re4 Ra3+ 93. Kg2 Kg5 94. Rb4 Ra2 95. Rb5+ Kg6 96. Rd5 Ra7 97. Rd3 Rh7 98. Rd4 Kg5 99. Rh4 Rd7 100. Re4 Rd5 101. Rh4 Rd2 102. Rf4 Rd8 103. Ra4 Rg8 104. Ra5+ Kg6 105. Ra4 Rh8 106. Rh4 Re8 107. Rf4 Re5 108. Kf3 Rg5 109. Rh4 Rf5+ 110. Kg2 Kg5 111. Rb4 Rd5 112. Rb8 Kg6 113. Rg8+ Kf7 114. Rh8 Kg7 115. Ra8 Rd4 116. Ra5 Kg6 117.
Ra3 h4 118. gxh4 Rxh4 119. Kg3 Rb4 120. Rf3 Kg5 121. Re3 Rb1 122. Rc3 f5 123. Rc8 Rb3+ 124. Kg2 Kg4 125. Rg8+ Kf4 126. Ra8 Rb7 127. Ra4+ Kg5 128. Ra3 Rb2 129. Rf3 Kg4 130. Rg3+ Kf4 131. Rf3+ Ke4 132. Re3+ Kf4 133. Rf3+ Kg5 134. Rg3+ Kf6 135. Rg8 Ke5 136. Rg3 Rb8 137. Ra3 Rg8+ 138. Kf3 Rh8 139. Ra5+ Kf6 140. Kf4 Rh4+ 141. Kg3 Rg4+ 142. Kf3 Kg5 143. Ra8 Rf4+ 144. Kg3 Rg4+ 145. Kf3 Rb4 146. Rg8+ Kf6 147. Rf8+ Kg6 148. Rg8+ Kf7 149. Rg5 Kf6 150. Rg8 Rb3+ 151. Kf4 Rb4+ 152. Kf3 Rb6 153. Rf8+ Kg6 154. Rg8+ Kf7 155. Rg5 Kf6 156. Rg8 Rb3+ 157. Kf4 Rb4+ 158. Kf3 Rb5 159. Rf8+ Kg6 160. Ra8 Kf7 161. Ra6 Rb4 162. Rc6 Rd4 163. Ra6 Re4 164. Kg3 Rb4 165. Rc6 Rd4 166. Kf3 Kg7 167. Ra6 Rh4 168. Kg3 Rg4+ 169. Kf3 Rb4 170. Rc6 Kf7 171. Kg3 Ke7 172. Kf3 Ra4 173. Rh6 1/2-1/2

[Event "*** Titled Tuesday Blitz"]
[Site "Chess.com"]
[Date "2019.03.05"]
[Round "3"]
[White "PowerThinking2650"]
[Black "DrRiebert"]
[Result "1/2-1/2"]
[WhiteElo "2335"]
[BlackElo "2434"]
[TimeControl "180+2"]
[EndTime "13:34:12 PST"]
[Termination "Game drawn by repetition"]

1. e4 c5 2. Nf3 Nc6 3. d4 cxd4 4.
Nxd4 Nf6 5. Nc3 e5 6. Ndb5 d6 7. Bg5 a6 8. Na3 b5 9. Nd5 Qa5+ 10. Bd2 Qd8 11. Bg5 Qa5+ 12. Bd2 Qd8 13. Bg5 Qa5+ 14. Bd2 Qd8 1/2-1/2

[Event "*** Titled Tuesday Blitz"]
[Site "Chess.com"]
[Date "2019.03.05"]
[Round "3"]
[White "SimonKnightRivendell"]
[Black "Andrew-FB00"]
[Result "1-0"]
[WhiteElo "2025"]
[BlackElo "1851"]
[TimeControl "180+2"]
[EndTime "13:35:51 PST"]
[Termination "SimonKnightRivendell won by resignation"]

1. Nf3 Nf6 2. g3 e6 3. Bg2 d5 4. O-O Be7 5. d3 c5 6. c3 O-O 7. Nbd2 b6 8. Qc2 Bb7 9. e4 dxe4 10. Nxe4 Nxe4 11. dxe4 Nd7 12. Rd1 Qc8 13. Bf4 Rd8 14.
Rd2 Nf6 15. Rxd8+ Bxd8 16. e5 Nd5 17. Bg5 Bxg5 18. Nxg5 Ne7 19. Qxh7+ 1-0

[Event "*** Titled Tuesday Blitz"]
[Site "Chess.com"]
[Date "2019.03.05"]
[Round "3"]
[White "TST2014"]
[Black "hurricane7791"]
[Result "1-0"]
[WhiteElo "2508"]
[BlackElo "2697"]
[TimeControl "180+2"]
[EndTime "13:35:57 PST"]
[Termination "TST2014 won by resignation"]

1. d4 Nf6 2. c4 e6 3. Nf3 c5 4. d5 d6 5. Nc3 exd5 6. cxd5 g6 7.
h3 Qe7 8. Bf4 a6 9. a4 Bg7 10.
e3 O-O 11. Be2 Nh5 12. Bh2 f5 13. O-O f4 14. Qd2 fxe3 15. Qxe3 Qxe3 16. fxe3 Re8 17. Bxd6 Rxe3 18. Bxc5 Re8 19. Bc4 Nd7 20. d6+ Kh8 21.
Rae1 Rd8 22. Ng5 1-0

[Event "*** Titled Tuesday Blitz"]
[Site "Chess.com"]
[Date "2019.03.05"]
[Round "3"]
[White "vpantev"]
[Black "albi1999"]
[Result "1-0"]
[WhiteElo "2629"]
[BlackElo "2422"]
[TimeControl "180+2"]
[EndTime "13:36:19 PST"]
[Termination "vpantev won by resignation"]

1. d4 d5 2. Bf4 Nf6 3. e3 e6 4. Nf3 Bd6 5. Ne5 O-O 6. Bd3 b6 7. Qf3 Bb7 8. Qh3 Nbd7 9. Nd2 Qc8 10. g4 g6 11. Bh6 Re8 12. f4 Ne4 13. Nxe4 dxe4 14. Be2 Ba6 15. Bxa6 Qxa6 16. Nxd7 1-0

[Event "*** Titled Tuesday Blitz"]
[Site "Chess.com"]
[Date "2019.03.05"]
[Round "3"]
[White "MikaelyanArman"]
[Black "Gr3egor"]
[Result "1-0"]
[WhiteElo "2730"]
[BlackElo "2498"]
[TimeControl "180+2"]
[EndTime "13:37:21 PST"]
[Termination "MikaelyanArman won by resignation"]

1. e4 e5 2. Nc3 Nf6 3. Nf3 Nc6 4. Be2 Be7 5. d4 exd4 6. Nxd4 O-O 7. O-O d5 8. Nxc6 bxc6 9. exd5 cxd5 10. Bf4 c6 11. Bd3 Bg4 12. Qd2 Qb6 13. Rae1 Rfe8 14. Na4 Qd4 15.
Bxh7+ Nxh7 16. Qxd4 Bf6 17. Be5 Rxe5 18. Rxe5 Ng5 19.
Qxg4 Bxe5 20. Qxg5 Bf6 21. Qf5 Re8 22. h3 d4 23. Nc5 Re5 24. Qc8+ Kh7 25. Nd7 Re2 26. Nxf6+ gxf6 27. Qxc6 1-0

[Event "*** Titled Tuesday Blitz"]
[Site "Chess.com"]
[Date "2019.03.05"]
[Round "3"]
[White "Hikaru"]
[Black "Swarnapuri"]
[Result "1-0"]
[WhiteElo "3144"]
[BlackElo "2700"]
[TimeControl "180+2"]
[EndTime "13:37:34 PST"]
[Termination "Hikaru won by resignation"]

1. Nf3 Nc6 2. d4 d5 3. c4 Bg4 4. cxd5 Bxf3 5. gxf3 Qxd5 6. e3 e6 7. Nc3 Qh5 8. Bd2 O-O-O 9. Rc1 Nge7 10. f4 Qh4 11. Bg2 g5 12. fxg5 h6 13. g6 fxg6 14.
b4 Bg7 15. b5 Nb4 16. O-O Nbd5 17. b6 axb6 18. Qa4 c6 19. Qa8+ Kd7 20. Qxb7+ Ke8 21.
Nxd5 Rxd5 22. Bxd5 cxd5 23. f3 Rf8 24. Bb4 Qg5+ 25. Kh1 1-0

[Event "*** Titled Tuesday Blitz"]
[Site "Chess.com"]
[Date "2019.03.05"]
[Round "3"]
[White "Oleg_Papayan"]
[Black "Vugar_Manafov"]
[Result "0-1"]
[WhiteElo "2210"]
[BlackElo "2403"]
[TimeControl "180+2"]
[EndTime "13:37:38 PST"]
[Termination "Vugar_Manafov won by resignation"]

1. e4 Nf6 2. e5 Nd5 3. Nc3 Nxc3 4.
dxc3 d5 5. Bf4 c5 6. Qd2 Bf5 7.
O-O-O e6 8. f3 Nc6 9. g4 Bg6 10.
h4 h6 11. Bg3 Qa5 12. Kb1 b5 13. f4 b4 14. c4 b3 15. axb3 Nb4 16. Qc3 Bxc2+ 17.
Kc1 Qa1+ 0-1

[Event "*** Titled Tuesday Blitz"]
[Site "Chess.com"]
[Date "2019.03.05"]
[Round "3"]
[White "Quiet_Desperation"]
[Black "jbj"]
[Result "0-1"]
[WhiteElo "2403"]
[BlackElo "2585"]
[TimeControl "180+2"]
[EndTime "13:37:54 PST"]
[Termination "jbj won by resignation"]

1. e4 e6 2. d4 d5 3. Nc3 Bb4 4. e5 c5 5. Bd2 Ne7 6. Nf3 cxd4 7.
Nb5 Bxd2+ 8. Qxd2 O-O 9. Bd3 Nbc6 10. Qd1 Ng6 11. Nbxd4 Ncxe5 12. Nxe5 Nxe5 13. Bxh7+ Kxh7 14. Qh5+ Kg8 15. Qxe5 f6 16. Qe2 e5 17. Nb3 a5 18.
a4 b6 19. h4 Ba6 20. Qg4 Rc8 21. Rc1 f5 22. Qg6 Rf6 23. Qg5 Qe8 24. Qd2 d4 25. h5 f4 26. c3 Qxa4 27. cxd4 Rxc1+ 28. Nxc1 exd4 29. h6 Re6+ 0-1

[Event "*** Titled Tuesday Blitz"]
[Site "Chess.com"]
[Date "2019.03.05"]
[Round "3"]
[White "ASVZ"]
[Black "tomozupan"]
[Result "1-0"]
[WhiteElo "2403"]
[BlackElo "2217"]
[TimeControl "180+2"]
[EndTime "13:37:54 PST"]
[Termination "ASVZ won by resignation"]

1. e4 e5 2. Nf3 Nc6 3. Nc3 Nf6 4.
Bb5 Bb4 5. O-O d6 6. d3 O-O 7. Bg5 h6 8. Bxf6 gxf6 9. Nd5 Bc5 10. c3 a6 11. Ba4 Be6 12. b4 Ba7 13. Bb3 f5 14.
Ne3 fxe4 15. dxe4 Qf6 16. Nd5 Qg6 17. Nh4 Qxe4 18. Nf6+ 1-0

[Event "*** Titled Tuesday Blitz"]
[Site "Chess.com"]
[Date "2019.03.05"]
[Round "3"]
[White "CaptainCasanova"]
[Black "Gabix_94"]
[Result "1-0"]
[WhiteElo "2782"]
[BlackElo "2483"]
[TimeControl "180+2"]
[EndTime "13:37:55 PST"]
[Termination "CaptainCasanova won by resignation"]

1. e4 c5 2. Nf3 e6 3. d4 cxd4 4. Nxd4 a6 5. c4 Qc7 6. Nc3 Nf6 7. a3 Nc6 8. Be3 h5 9. f3 Nxd4 10. Bxd4 Bd6 11. Qd2 Bxh2 12. O-O-O Bf4 13. Be3 Bxe3 14. Qxe3 d6 15. g4 g6 16. Qf4 Ke7 17. e5 dxe5 18.
Qg5 Rd8 19. Rxd8 Qxd8 20. Ne4 Qd4 21. Qxf6+ Ke8 22. gxh5 Bd7 1-0

[Event "*** Titled Tuesday Blitz"]
[Site "Chess.com"]
[Date "2019.03.05"]
[Round "3"]
[White "checkmatequen"]
[Black "The_Lost_Rogainer"]
[Result "1-0"]
[WhiteElo "2127"]
[BlackElo "2107"]
[TimeControl "180+2"]
[EndTime "13:37:58 PST"]
[Termination "checkmatequen won by resignation"]

1. e4 e5 2. Nf3 Nc6 3. Bb5 a6 4. Ba4 Nf6 5. Qe2 Bc5 6. c3 O-O 7. O-O b5 8. Bb3 Bb6 9. Rd1 Re8 10. h3 d5 11. d3 d4 12. a4 Be6 13. Bc2 b4 14. c4 Nd7 15. b3 Nc5 16. Nbd2 f6 17. Nf1 Na5 18. Rb1 Qd7 19. g4 h5 20. N3h2 c6 21. Ng3 h4 22. Nf5 g5 23. Qf3 Bxf5 24.
gxf5 Qh7 25. Kh1 Kf7 26. Rg1 Rh8 27. Ng4 Rag8 28. Bd2 Bc7 29. Bxb4 Bb6 30. Bxc5 Bxc5 31. b4 Bb6 32. bxa5 1-0

[Event "*** Titled Tuesday Blitz"]
[Site "Chess.com"]
[Date "2019.03.05"]
[Round "3"]
[White "Kimster98"]
[Black "grzechu96"]
[Result "1/2-1/2"]
[WhiteElo "2608"]
[BlackElo "2557"]
[TimeControl "180+2"]
[EndTime "13:38:04 PST"]
[Termination "Game drawn by repetition"]

1. Nf3 d5 2. d4 Nf6 3. c4 c6 4. Nc3 dxc4 5. a4 Bf5 6. Ne5 Nbd7 7. Nxc4 Nb6 8. Ne5 a5 9. f3 Nfd7 10. Nxd7 Nxd7 11. e4 Bg6 12. Be3 Qb6 13. Qd2 e5 14.
d5 Bc5 15. Bxc5 Nxc5 16. Bc4 O-O 17. Qf2 Qb4 18. Qe2 Qb6 19. Qf2 Qb4 20. Qe2 Qb6 21. Qf2 1/2-1/2

[Event "*** Titled Tuesday Blitz"]
[Site "Chess.com"]
[Date "2019.03.05"]
[Round "3"]
[White "Tocras"]
[Black "TheBigBoss04"]
[Result "1-0"]
[WhiteElo "2619"]
[BlackElo "2547"]
[TimeControl "180+2"]
[EndTime "13:38:10 PST"]
[Termination "Tocras won by resignation"]

1. e4 c5 2. Nc3 a6 3. g3 b5 4. Bg2 Bb7 5. Nge2 e6 6. d4 cxd4 7. Nxd4 Nf6 8. O-O Qc7 9. Re1 d6 10. a4 b4 11. Nd5 exd5 12. exd5+ Kd8 13. Bg5 Nd7 14. Qe2 Ne5 15. f4 Qb6 16. fxe5 Qxd4+ 17. Be3 Qg4 18. Bb6+ Kc8 19. Bh3 1-0

[Event "*** Titled Tuesday Blitz"]
[Site "Chess.com"]
[Date "2019.03.05"]
[Round "3"]
[White "PrinceCharming92"]
[Black "7Madman"]
[Result "0-1"]
[WhiteElo "2385"]
[BlackElo "2527"]
[TimeControl "180+2"]
[EndTime "13:38:25 PST"]
[Termination "7Madman won by resignation"]

1. e4 c6 2. d4 d5 3. exd5 cxd5 4. c4 Nf6 5. Nc3 e6 6. Nf3 Be7 7. c5 O-O 8. Be2 b6 9. cxb6 Qxb6 10. O-O Nc6 11. b3 a5 12. Na4 Qa7 13. Bf4 Ba6 14.
Bxa6 Qxa6 15. Rc1 Nb4 16. Ne5 Rfc8 17. Qd2 Ne4 18. Rxc8+ Rxc8 19. Qe3 f6 20. Nf3 Nc2 21. Qc1 Nxd4 22. Qd1 Ne2+ 23. Kh1 Nxf4 0-1

[Event "*** Titled Tuesday Blitz"]
[Site "Chess.com"]
[Date "2019.03.05"]
[Round "3"]
[White "GianmarcoVaR"]
[Black "Last7Samurai"]
[Result "0-1"]
[WhiteElo "2486"]
[BlackElo "2680"]
[TimeControl "180+2"]
[EndTime "13:38:26 PST"]
[Termination "Last7Samurai won by resignation"]

1. d4 d5 2. Nf3 Nf6 3. c4 c6 4. e3 Bf5 5. Nc3 e6 6. Nh4 Be4 7. f3 Bg6 8. Qb3 Qc7 9. Bd2 Be7 10. g3 O-O 11. Nxg6 hxg6 12. Rc1 Qd7 13. Bh3 dxc4 14. Qxc4 c5 15. dxc5 Nc6 16. Ne4 Ne5 17. Nxf6+ Bxf6 18. Qc2 Nxf3+ 19. Ke2 Qd5 20. Rhf1 Nxd2 21. Qxd2 Qh5+ 22. Ke1 Qxh3 0-1

[Event "*** Titled Tuesday Blitz"]
[Site "Chess.com"]
[Date "2019.03.05"]
[Round "3"]
[White "vovachesss"]
[Black "pedromartinez91"]
[Result "1-0"]
[WhiteElo "2603"]
[BlackElo "2407"]
[TimeControl "180+2"]
[EndTime "13:38:28 PST"]
[Termination "vovachesss won by resignation"]

1. Nf3 e6 2. b3 b6 3. Bb2 Bb7 4.
g3 Bxf3 5. exf3 c5 6. Bg2 Nc6 7. O-O Nf6 8. f4 Be7 9. d3 O-O 10. Nd2 d5 11. Nf3 Nd7 12. c4 d4 13. Qe2 Rc8 14. Ne5 Ndxe5 15. fxe5 a6 16. f4 b5 17. f5 exf5 18. Rxf5 bxc4 19. dxc4 Qd7 20.
Raf1 Nd8 21. Bd5 Ne6 22. Qg4 Nc7 23. Rxf7 1-0

[Event "*** Titled Tuesday Blitz"]
[Site "Chess.com"]
[Date "2019.03.05"]
[Round "3"]
[White "MateusViageiro"]
[Black "mjray79"]
[Result "0-1"]
[WhiteElo "2180"]
[BlackElo "2120"]
[TimeControl "180+2"]
[EndTime "13:38:34 PST"]
[Termination "mjray79 won by resignation"]

1. e4 e5 2. Nf3 Nc6 3. Bb5 a6 4.
Ba4 Nf6 5. d3 d6 6. c3 b5 7. Bc2 Be7 8. O-O O-O 9. Re1 Na5 10.
b4 Nb7 11. a4 bxa4 12. Bxa4 c5 13. Bc6 Qb6 14. b5 Be6 15. Qa4 axb5 16. Qxa8 Rxa8 17.
Rxa8+ Nd8 18. Bd5 Nxd5 19. exd5 Bxd5 20. Ra1 Bxf3 21. gxf3 h6 22. Be3 Ne6 23. Nd2 d5 24. Nb3 d4 25. cxd4 exd4 26. Bd2 c4 0-1

[Event "*** Titled Tuesday Blitz"]
[Site "Chess.com"]
[Date "2019.03.05"]
[Round "3"]
[White "Witik"]
[Black "Sashadav97"]
[Result "1-0"]
[WhiteElo "2673"]
[BlackElo "2636"]
[TimeControl "180+2"]
[EndTime "13:38:37 PST"]
[Termination "Witik won by resignation"]

1. d4 d5 2. c4 e6 3. Nf3 Be7 4. Nc3 Nf6 5. Bf4 O-O 6. e3 Nbd7 7. Rc1 c5 8. cxd5 Nxd5 9. Bg3 Nxc3 10. bxc3 Qa5 11. Bd3 Nf6 12. O-O Qxa2 13. Ne5 Qa5 14. Bh4 Qd8 15. f4 a5 16. Rf3 Nd7 17. Bxh7+ Kh8 18. Bxe7 Qxe7 19. Rh3 Nf6 20. Bg6+ Kg8 21. Bxf7+ Rxf7 22. Ng6 Nh7 23. Qh5 1-0

[Event "*** Titled Tuesday Blitz"]
[Site "Chess.com"]
[Date "2019.03.05"]
[Round "3"]
[White "kacprekt"]
[Black "Doraemon7"]
[Result "0-1"]
[WhiteElo "2274"]
[BlackElo "2607"]
[TimeControl "180+2"]
[EndTime "13:38:41 PST"]
[Termination "Doraemon7 won by resignation"]

1. d4 Nf6 2. c4 e6 3. Nc3 Bb4 4. Nf3 c5 5. g3 cxd4 6. Nxd4 Nc6 7. Bg2 O-O 8. O-O Bxc3 9. bxc3 Ne5 10. Qb3 a6 11. f4 Nc6 12. e4 Na5 13. Qa4 d6 14. Ba3 Bd7 15. Qb4 Rc8 16. Qxd6 Re8 17. e5 Nxc4 18.
Qb4 Nd5 19. Bxd5 exd5 20. Bc1 Bh3 21. Rf2 b5 22. a4 f6 23. axb5 fxe5 24. fxe5 Nxe5 25.
Nc6 Nxc6 26. bxc6 Re1+ 0-1

[Event "*** Titled Tuesday Blitz"]
[Site "Chess.com"]
[Date "2019.03.05"]
[Round "3"]
[White "Ar4uha"]
[Black "tteshan"]
[Result "1-0"]
[WhiteElo "2474"]
[BlackElo "2211"]
[TimeControl "180+2"]
[EndTime "13:38:43 PST"]
[Termination "Ar4uha won by resignation"]

1. e4 c5 2. Nf3 Nc6 3. Bb5 e6 4.
O-O Nge7 5. d4 cxd4 6. Nxd4 a6 7.
Be2 Nxd4 8. Qxd4 Nc6 9. Qc3 Qf6 10. Qxf6 gxf6 11. Be3 Bd6 12. Rd1 Be5 13. c3 b5 14. a4 b4 15. f4 Bc7 16. c4 a5 17.
Nd2 Bb7 18. Nb3 d6 19. Bf3 O-O-O 20. c5 Rhg8 21. Rac1 Kb8 22. cxd6 Rxd6 23. Rxd6 Bxd6 24. e5 fxe5 25. Bxc6 exf4 26. Bf2 Ba6 27. Nxa5 Be5 28. b3 Rc8 29. Rc5 Bc7 30. Bd7 Rd8 31. Nc6+ Kb7 32. Nxd8+ Bxd8 33. Bc8+ 1-0

[Event "*** Titled Tuesday Blitz"]
[Site "Chess.com"]
[Date "2019.03.05"]
[Round "3"]
[White "Shahinyan_ChessMood"]
[Black "goodluck06"]
[Result "1-0"]
[WhiteElo "2635"]
[BlackElo "2423"]
[TimeControl "180+2"]
[EndTime "13:38:44 PST"]
[Termination "Shahinyan_ChessMood won by resignation"]

1. c4 Nf6 2. Nc3 e5 3. Nf3 Nc6 4. e4 Bc5 5. Nxe5 Nxe5 6. d4 Bb4 7. dxe5 Nxe4 8. Qf3 Nxc3 9. bxc3 Be7 10. Qg3 g6 11. Bh6 b6 12. Be2 Bb7 13. O-O c5 14. Rad1 Qc7 15. e6 O-O-O 16. Bf4 d6 17. exf7 Rhf8 18. Bg4+ Kb8 19. Be6 Bc8 20. Bd5 Bf6 21. Rfe1 Bf5 22.
Re8 Kc8 23. Rxf8 Rxf8 24. Bxd6 Qd7 25. Bxf8 1-0

[Event "*** Titled Tuesday Blitz"]
[Site "Chess.com"]
[Date "2019.03.05"]
[Round "3"]
[White "KhalilMousavi77"]
[Black "GataKamsky1974"]
[Result "1-0"]
[WhiteElo "2667"]
[BlackElo "2830"]
[TimeControl "180+2"]
[EndTime "13:38:48 PST"]
[Termination "KhalilMousavi77 won by resignation"]

1. c4 e5 2. Nc3 Nc6 3. g3 Bc5 4.
Bg2 a6 5. e3 d6 6. Nge2 Ba7 7.
O-O Nge7 8. d3 O-O 9. h3 Rb8 10. b3 Be6 11. Nd5 f6 12. Kh2 Bf7 13. Nec3 Nxd5 14. Nxd5 Ne7 15. Nxe7+ Qxe7 16. Bb2 c6 17. Qd2 d5 18. cxd5 Bxd5 19. Bxd5+ cxd5 20. d4 e4 21. Qa5 Qd7 22. Rac1 Rbc8 23. Rxc8 Rxc8 24. Rc1 Rxc1 25.
Bxc1 Kf7 26. Ba3 h5 27. Qb4 Bb8 28. Qf8+ Kg6 29. Qxb8 Qc6 30. Bc5 Qb5 31. g4 hxg4 32. hxg4 Qe2 33. Qf4 Kf7 34. Qf5 1-0

[Event "*** Titled Tuesday Blitz"]
[Site "Chess.com"]
[Date "2019.03.05"]
[Round "3"]
[White "SerkanSoysal"]
[Black "Alexander_Moskalenko"]
[Result "0-1"]
[WhiteElo "2579"]
[BlackElo "2753"]
[TimeControl "180+2"]
[EndTime "13:38:53 PST"]
[Termination "Alexander_Moskalenko won by resignation"]

1. d4 Nf6 2. c4 g6 3. Nc3 d5 4. Nf3 Bg7 5. cxd5 Nxd5 6. e4 Nxc3 7. bxc3 c5 8. h3 O-O 9. Be2 b6 10. O-O Bb7 11. Qd3 Nd7 12. e5 e6 13. a4 a6 14. Rb1 Qc7 15. Be3 Bc6 16. Qc2 Bxf3 17. Bxf3 cxd4 18. Bxd4 Rab8 19. Qe2 Nxe5 20. Bxe5 Bxe5 21.
Qxa6 Qxc3 22. Rxb6 Bd4 23. Rxb8 Rxb8 24. a5 Rb2 25. Qa8+ Kg7 26. a6 Bxf2+ 27. Kh1 Qd3 28. Rd1 Rb1 0-1